 Dungeon Crawl Stone Soup version 0.29.0-13-gc9e81de378 (webtiles) character file.

Game seed: 5233580535002316347

108532 Bartlander the Marksfrog (level 16, -5/132 HPs)
             Began as a Barachi Hunter on Sept 7, 2022.
             Was the Champion of Cheibriados.
             Killed from afar by Roxanne (71 damage)
             ... with a crystal spear
             ... on level 1 of the Snake Pit.
             The game lasted 01:33:48 (27173 turns).

Bartlander the Marksfrog (Barachi Hunter)          Turns: 27173, Time: 01:33:49

Health: -5/132     AC: 17    Str: 29    XL:     16   Next: 49%
Magic:  34/34      EV: 25    Int: 25    God:    Cheibriados [******]
Gold:   1581       SH:  0    Dex: 37    Spells: 10/15 levels left

rFire   + + .      SeeInvis .   u - +3 arbalest (vorpal)
rCold   + . .      Faith    .   (shield currently unavailable)
rNeg    + + .      Spirit   .   M - +0 acid dragon scales
rPois   +          Reflect  .   O - +0 helmet
rElec   .          Harm     .   w - +2 cloak
rCorr   +          Rampage  .   L - +2 pair of gloves
Will    ++...                   G - +0 pair of boots
Stlth   ++++......              (no amulet)
HPRegen 0.32/turn               H - ring "Potaxei" {rC+ rN+ Will+ rCorr}
MPRegen 0.24/turn               f - ring of Aruhid {*Slow rPois rF++ rN+ MP+9}

@: very slow
A: amphibious, slowness 1, strong legs 2, +LOS
a: Hop, Renounce Religion, Bend Time, Temporal Distortion, Slouch, Step From
Time


You were on level 1 of the Snake Pit.
You worshipped Cheibriados.
Cheibriados was exalted by your worship.
You visited 6 branches of the dungeon, and saw 26 of its levels.
You also visited: Bailey.

You collected 2901 gold pieces.
You spent 1320 gold pieces at shops.

Inventory:

Hand Weapons
 a - a +1 shortbow of venom
 u - a +3 vorpal arbalest (weapon)
Missiles
 v - 5 throwing nets
Armour
 c - a +1 leather armour
 q - a +0 chain mail
 w - a +2 cloak (worn)
 G - a +0 pair of boots (worn)
 L - a +2 pair of gloves (worn)
 M - +0 acid dragon scales (worn)
 O - a +0 helmet (worn)
Jewellery
 b - a ring of flight
 d - a ring of willpower
 e - a ring of protection from fire
 f - the ring of Aruhid (right hand) {*Slow rPois rF++ rN+ MP+9}
   (You found it on level 4 of the Lair of Beasts)

   [ring of magical power]

   rF:        It greatly protects you from fire.
   rPois:     It protects you from poison.
   rN:        It protects you from negative energy.
   MP:        It affects your magic capacity (+9).
   *Slow:     It may slow you when you take damage.
 y - a +6 ring of dexterity
 D - a ring of see invisible
 H - the ring "Potaxei" (left hand) {rC+ rN+ Will+ rCorr}
   (You found it on level 9 of the Dungeon)

   [ring of willpower]

   rC:        It protects you from cold.
   rN:        It protects you from negative energy.
   rCorr:     It protects you from acid and corrosion.
   Will:      It increases your willpower.
 K - a ring of ice
 T - a ring of wizardry
Wands
 m - a wand of roots (37)
 o - a wand of flame (44)
 t - a wand of paralysis (4)
 E - a wand of polymorph (14)
 N - a wand of mindburst (20)
 P - a wand of quicksilver (15)
 V - a wand of digging (24)
Scrolls
 j - 7 scrolls of identify
 k - a scroll of silence
 n - 6 scrolls of immolation
 p - 13 scrolls of teleportation
 A - a scroll of brand weapon
 B - 7 scrolls of amnesia
 J - 4 scrolls of butterflies
 Q - 4 scrolls of fear
 R - a scroll of blinking {unknown}
 U - a scroll of magic mapping
Potions
 g - 2 potions of resistance
 h - 10 potions of curing
 i - 6 potions of flight
 l - 4 potions of heal wounds
 r - 3 potions of magic
 s - 4 potions of ambrosia
 x - 2 potions of berserk rage
 z - 4 potions of might
 C - 3 potions of cancellation
 F - 5 potions of mutation
 I - 3 potions of invisibility
 S - 2 potions of brilliance


   Skills:
 + Level 13.7 Fighting
 + Level 18.8 Ranged Weapons
 - Level 7.9 Armour
 + Level 10.4 Dodging
 - Level 6.7 Stealth
 + Level 6.6 Translocations
 + Level 12.5 Invocations


You had 10 spell levels left.
You knew the following spells:

 Your Spells              Type           Power      Damage    Failure   Level
a - Blink                 Tloc           66%        N/A       1%          2
b - Call Canine Familiar  Summ           0%         N/A       43%         3

Your spell library contained the following spells:

 Spells                   Type           Power      Damage    Failure   Level
 Lesser Beckoning         Tloc           33%        N/A       3%          3
 Passage of Golubria      Tloc           33%        N/A       11%         4
 Necrotise                Necr           0%         1d4       16%         1
 Summon Small Mammal      Summ           0%         N/A       16%         1
 Call Imp                 Summ           0%         N/A       24%         2
 Poisonous Vapours        Pois/Air       0%         N/A       24%         2
 Sublimation of Blood     Necr           0%         N/A       24%         2
 Wereblood                Tmut           0%         N/A       24%         2
 Manifold Assault         Tloc           33%        N/A       28%         5
 Iskenderun's Mystic Bla  Conj/Tloc      16%        2d5       38%         4
 Conjure Flame            Conj/Fire      0%         6-21      43%         3
 Dazzling Flash           Conj/Hex       0%         N/A       43%         3
 Ignite Poison            Fire/Tmut/Pois 0%         N/A       43%         3
 Summon Guardian Golem    Hex/Summ       0%         N/A       43%         3
 Vampiric Draining        Necr           0%         2d6       43%         3
 Anguish                  Hex/Necr       0%         N/A       83%         4
 Corpse Rot               Necr/Pois/Air  0%         N/A       83%         4
 Sticky Flame             Conj/Fire      0%         2d3       83%         4
 Agony                    Necr           0%         N/A       99%         5
 Alistair's Intoxication  Tmut/Pois      0%         N/A       99%         5
 Silence                  Hex/Air        0%         N/A       99%         5
 Starburst                Conj/Fire      0%         6d3       100%        6
 Summon Cactus Giant      Summ           0%         N/A       100%        6
 Enfeeble                 Hex            0%         N/A       100%        7
 Summon Hydra             Summ           0%         N/A       100%        7
 Lehudib's Crystal Spear  Conj/Erth      0%         10d2      100%        8


Dungeon Overview and Level Annotations

Branches:
Dungeon (13/15)            Temple (1/1) D:7            Lair (5/5) D:10
  Swamp (4/4) Lair:2        Snake (1/4) Lair:2        Slime (0/5) Lair:5
    Orc (2/2) D:12            Elf (0/3) Orc:2        Bailey (visited)
 Vaults: D:13-14

Altars:
Ashenzari
Cheibriados
Dithmenos
Elyvilon
Fedhas
Gozag
Hepliaklqana
Kikubaaqudgha
Makhleb
Nemelex Xobeh
Okawaru
Qazlal
Ru
Sif Muna
Trog
Uskayaw
Vehumet
Wu Jian
Xom
Yredelemnul
Zin
The Shining One
Jiyva

Shops:
D:5 (   D:6 *   D:9 (   Orc:2 ([::

Portals:
Trove: D:10 (give +2 storm dragon scales)

Annotations:
D:4 1 runed translucent door, martbhell's ghost, amateur MiFi
D:13 Urug
Lair:5 1 runed translucent door
Swamp:4 Donald
Snake:1 Roxanne
Orc:1 3 runed translucent doors, DoubleLucky's ghost, journeyman TrFi; michalxdhe's ghost, journeyman DjTm


Innate Abilities, Weirdness & Mutations

You are amphibious.
You cover ground slowly.
You can hop long distances.
You have an extended range of vision and can be seen from far away.


Message History

The bolt hits Roxanne but does no damage.
Roxanne is severely damaged.
The naga mage completely misses you.
Roxanne casts a spell.
You blink.
The salamander misses you.
Fire: u) +3 arbalest (vorpal)
Press: ? - help, Q - select action, (/) - cycle Shift-Dir - straight line, f - naga mage, p - Roxanne
Aim: a naga mage, wielding a +0 spear (fast, 78% to hit)
You shoot a bolt. The bolt hits the naga mage!!
The naga mage is severely wounded.
The naga mage hits you from afar with a +0 spear!
Roxanne mumbles some strange words.
The bolt of magma hits you! You partially resist. The salamander misses you.
The naga mage completely misses you.
Fire: u) +3 arbalest (vorpal)
Press: ? - help, Q - select action, (/) - cycle Shift-Dir - straight line, f/p - naga mage
Aim: a naga mage, wielding a +0 spear (severely wounded, fast, 78% to hit)
You shoot a bolt.
The bolt completely misses the naga mage.
The naga mage completely misses you.
The salamander hits you from afar with a +0 halberd.
You are engulfed in flames.
You resist.
Fire: u) +3 arbalest (vorpal)
Press: ? - help, Q - select action, (/) - cycle Shift-Dir - straight line, f/p - naga mage
Aim: a naga mage, wielding a +0 spear (severely wounded, fast, 78% to hit)
You shoot a bolt. The bolt hits the naga mage!
You kill the naga mage!
Cheibriados thoroughly appreciates the change of pace.
The salamander misses you.
Roxanne mumbles some strange words.
The iron shot hits you!!
Fire: u) +3 arbalest (vorpal)
Press: ? - help, Q - select action, (/) - cycle Shift-Dir - straight line, f - Roxanne
Aim: Roxanne (severely damaged, 98% to hit)
You shoot a bolt. The bolt hits Roxanne.
Roxanne is severely damaged.
Roxanne mumbles some strange words.
The crystal spear hits you!!!
Ouch! That really hurt!
You die...

...... .....#
#....# #### #..^.#
#..### ....##
#...)###....##
#.@8N........####
##..............##
##.##..#<).......
..# .####.......
#.## # ...##. ..
.## .#. # ..# # #


You could see Roxanne and a salamander.

Vanquished Creatures
  Gastronok (Lair:3)
  Kirke (Swamp:3)
  3 fenstrider witches
  A thorn hunter (Swamp:3)
  An orc warlord (Orc:2)
  5 eleionomae
  8 bunyips
  Snorg (Lair:3)
  A fire dragon (Lair:4)
  A shambling mangrove (Swamp:3)
  Fannar (D:11)
  An ice dragon (Lair:4)
  A boulder beetle (D:12)
  A ghost crab (Swamp:1)
  10 hydras
  A two-headed ogre (shapeshifter) (D:13)
  2 two-headed ogres
  2 orc high priests (Orc:2)
  10 alligators
  A spriggan berserker (Swamp:3)
  4 spriggans
  A salamander mystic (Snake:1)
  4 goliath frogs
  10 swamp dragons
  6 bog bodies
  4 spriggan druids
  2 lindwurms (Lair:3)
  2 orc knights (Orc:2)
  Pikel (D:7)
  A manticore (D:12)
  5 orc sorcerers
  An oklob plant (D:11)
  2 wolf spiders (Lair:5)
  7 will-o-the-wisps
  A cyclops (D:12)
  A guardian serpent (Lair:5)
  A naga mage (Snake:1)
  8 black mambas
  4 elephants (Lair:2)
  15 cane toads
  2 gargoyles
  11 komodo dragons
  An unseen horror (D:12)
  5 rime drakes
  3 trolls
  A bloated husk (Swamp:1)
  9 hornets
  7 tyrant leeches
  3 polar bears
  20 blink frogs
  A wraith (D:9)
  41 yaks
  A vampire (D:11)
  9 wyverns
  5 hogs (Swamp:3)
  9 vampire mosquitoes
  3 redbacks (Lair:5)
  Menkaure (D:7)
  2 wargs
  3 acid dragons
  15 swamp worms
  A water moccasin (shapeshifter) (D:13)
  21 water moccasins
  46 orc warriors
  2 black bears
  A sky beast (D:8)
  3 swamp drakes
  An ice beast (D:5)
  10 ogres
  13 wolves
  17 centaurs
  9 kobold brigands
  A phantom (D:5)
  2 gnoll sergeants
  3 scorpions
  9 bullfrogs
  A necrophage (D:3)
  9 wights
  4 killer bees (D:7)
  9 electric eels
  11 howler monkeys
  16 orc priests
  8 jellies (D:11)
  3 gnoll boudas (D:8)
  11 hounds
  4 iguanas
  37 orc wizards
  21 hell rats
  7 adders
  28 gnolls
  2 shadow imps
  3 white imps
  An ufetubus (D:7)
  4 worms
  4 dart slugs
  139 orcs
  4 ball pythons
  17 endoplasms
  2 giant cockroaches
  6 goblins
  3 hobgoblins
  3 jackals (D:4)
  19 kobolds
  3 quokkas (D:5)
  3 bats
  A frilled lizard (D:2)
  4 rats
811 creatures vanquished.

Vanquished Creatures (others)
  A human (Swamp:3)
  A swamp worm (Swamp:3)
  A white imp (Lair:4)
  3 bushes
  33 foxfires
  54 fungi
  91 plants
184 creatures vanquished.

Grand Total: 995 creatures vanquished

Notes
Turn   | Place    | Note
-------+----------+-------------------------------------------
     0 | D:1      | Bartlander the Barachi Hunter began the quest for the Orb.
     0 | D:1      | Reached XP level 1. HP: 17/17 MP: 1/1
    23 | D:1      | Reached skill level 1 in Stealth
    58 | D:1      | Found a faded altar of an unknown god.
   195 | D:1      | You fall into a shaft and drop 1 floor!
   227 | D:2      | Reached XP level 2. HP: 23/23 MP: 2/2
   984 | D:3      | Reached XP level 3. HP: 28/28 MP: 3/3
   997 | D:3      | Noticed a necrophage
  1356 | D:3      | Reached skill level 5 in Ranged Weapons
  1363 | D:3      | Reached XP level 4. HP: 31/34 MP: 4/4
  1566 | D:3      | Killed a necrophage
  1567 | D:3      | Reached skill level 6 in Ranged Weapons
  1567 | D:3      | Reached XP level 5. HP: 19/39 MP: 5/5
  2086 | D:4      | Found an ancient bone altar of Kikubaaqudgha.
  2221 | D:4      | Reached XP level 6. HP: 46/46 MP: 6/6
  2296 | D:4      | Reached skill level 7 in Ranged Weapons
  2474 | D:4      | Found a stormy altar of Qazlal.
  2701 | D:4      | Found a runed translucent door.
  2704 | D:4      | Noticed martbhell's ghost (amateur MiFi)
  2821 | D:5      | Entered Level 5 of the Dungeon
  2827 | D:5      | Found Ramumaeb's Weapon Shop.
  2850 | D:5      | Noticed a black bear
  3119 | D:5      | Killed a black bear
  3382 | D:5      | Found a shadowy altar of Dithmenos.
  3415 | D:5      | Reached skill level 8 in Ranged Weapons
  3415 | D:5      | Reached XP level 7. HP: 51/51 MP: 7/7
  4130 | D:5      | Reached skill level 9 in Ranged Weapons
  4209 | D:5      | Reached XP level 8. HP: 42/57 MP: 8/8
  4782 | D:6      | Reached skill level 10 in Ranged Weapons
  5470 | D:6      | Reached skill level 11 in Ranged Weapons
  5703 | D:6      | Found Pirghiumo's Assorted Antiques.
  5940 | D:6      | Identified a scroll of acquirement
  5940 | D:6      | Acquired a +1 vorpal arbalest
  5958 | D:7      | Noticed Menkaure
  5962 | D:7      | Killed Menkaure
  6092 | D:7      | Noticed Pikel
  6096 | D:7      | Reached XP level 9. HP: 46/62 MP: 9/9
  6295 | D:7      | Reached skill level 12 in Ranged Weapons
  7184 | D:7      | Found a staircase to the Ecumenical Temple.
  7373 | D:7      | Killed Pikel
  7374 | D:7      | Reached skill level 13 in Ranged Weapons
  7687 | D:8      | Found a snail-covered altar of Cheibriados.
  7864 | D:8      | Reached skill level 14 in Ranged Weapons
  7864 | D:8      | Reached XP level 10. HP: 68/68 MP: 10/10
  8168 | D:8      | Noticed a moth of wrath
  8169 | D:8      | Found a bloodstained altar of Trog.
  8290 | D:8      | Found an iron altar of Okawaru.
  8329 | D:8      | Reached skill level 15 in Ranged Weapons
  8680 | Temple   | Entered the Ecumenical Temple
  8767 | D:8      | Became a worshipper of Cheibriados the Contemplative
  8799 | D:9      | Identified the ring "Potaxei" {rC+ rN+ Will+ rCorr}
  9121 | D:9      | Found a shimmering blue altar of Sif Muna.
  9202 | D:9      | Found an opulent altar of Gozag.
  9246 | D:9      | Found Itunior's Weapon Shoppe.
  9339 | D:9      | Reached * piety under Cheibriados
  9417 | D:9      | Found a glowing silver altar of Zin.
  9419 | D:9      | Found a radiant altar of Vehumet.
  9439 | D:9      | Found an ornate altar of the Wu Jian Council.
  9480 | D:9      | Reached skill level 1 in Invocations
  9944 | D:9      | Reached ** piety under Cheibriados
 10025 | D:10     | Entered Level 10 of the Dungeon
 10100 | D:10     | Found a glowing golden altar of the Shining One.
 10191 | D:10     | Found a flagged portal.
 10214 | Bailey   | Entered a bailey
 10498 | Bailey   | Reached skill level 16 in Ranged Weapons
 10500 | Bailey   | Reached *** piety under Cheibriados
 10521 | Bailey   | Reached XP level 11. HP: 63/74 MP: 11/13
 10859 | Bailey   | Identified the +6 great sword "Alip" {protect, Drain rC+
                  | Str+5}
 10862 | Bailey   | Identified the +6 bardiche of Context {vorpal, rN+ Str+4}
 10864 | Bailey   | Acquired 620 gold pieces
 11083 | D:10     | Reached **** piety under Cheibriados
 11100 | D:10     | HP: 2/74 [troll (11)]
 11306 | D:10     | Found a staircase to the Lair.
 11324 | D:10     | Noticed a two-headed ogre
 11326 | D:10     | Killed a two-headed ogre
 11387 | D:10     | Found a sacrificial altar of Ru.
 11503 | D:10     | Found a portal to a secret trove of treasure.
 11611 | D:10     | Found a shimmering altar of Xom.
 11896 | D:11     | Noticed Fannar
 12063 | D:11     | Killed Fannar
 12256 | D:11     | Reached skill level 17 in Ranged Weapons
 12508 | D:11     | Reached skill level 5 in Invocations
 12558 | D:11     | Noticed an oklob plant
 12568 | D:11     | Reached ***** piety under Cheibriados
 12866 | D:11     | Killed an oklob plant
 13184 | D:12     | Noticed a seven-headed hydra
 13188 | D:12     | Killed a seven-headed hydra
 13224 | D:12     | Noticed a manticore
 13229 | D:12     | Reached XP level 12. HP: 58/80 MP: 16/16
 13422 | D:12     | Noticed a boulder beetle
 13442 | D:12     | Killed a boulder beetle
 13603 | D:12     | Noticed a two-headed ogre
 13609 | D:12     | Killed a two-headed ogre
 13610 | D:12     | Reached skill level 18 in Ranged Weapons
 14185 | D:12     | Found a staircase to the Orcish Mines.
 14552 | D:13     | Noticed Urug
 14723 | D:13     | Noticed a two-headed ogre
 14727 | D:13     | Killed a two-headed ogre
 14851 | Lair:1   | Entered Level 1 of the Lair of Beasts
 15514 | Lair:2   | Reached ****** piety under Cheibriados
 15581 | Lair:2   | Reached skill level 1 in Armour
 15752 | Lair:2   | Gained mutation: You can hop long distances. [Barachi
                  | growth]
 15752 | Lair:2   | Reached XP level 13. HP: 90/90 MP: 20/20
 15887 | Lair:2   | Reached skill level 5 in Fighting
 15936 | Lair:2   | Found a staircase to the Snake Pit.
 16428 | Lair:2   | Found a staircase to the Swamp.
 16433 | Lair:2   | Reached skill level 10 in Invocations
 16522 | Lair:2   | Identified the +8 mace "Sibbi" {flame, Dex+2}
 16529 | Lair:2   | Found a glowing silver altar of Zin.
 16944 | Lair:3   | Noticed Snorg
 16947 | Lair:3   | Killed Snorg
 16980 | Lair:3   | Reached skill level 5 in Dodging
 16994 | Lair:3   | Noticed Gastronok
 17002 | Lair:3   | Killed Gastronok
 17160 | Lair:3   | Reached skill level 5 in Armour
 17611 | Lair:4   | You fall into a shaft and drop 1 floor!
 17611 | Lair:5   | Entered Level 5 of the Lair of Beasts
 17661 | Lair:5   | Found a runed translucent door.
 17662 | Lair:5   | Found a viscous altar of Jiyva.
 17663 | Lair:5   | Found a staircase to the Slime Pits.
 17663 | Lair:5   | Noticed an azure jelly
 17857 | Lair:4   | Identified the +1 robe of the Journeyman {Str+5}
 17945 | Lair:4   | Noticed an ice dragon
 17955 | Lair:4   | Killed an ice dragon
 18179 | Lair:4   | Identified the ring of Aruhid {*Slow rPois rF++ rN+ MP+9}
 18243 | Lair:4   | Noticed a fire dragon
 18247 | Lair:4   | Killed a fire dragon
 18248 | Lair:4   | Reached skill level 5 in Stealth
 18248 | Lair:4   | Reached XP level 14. HP: 106/106 MP: 21/21
 18510 | Lair:4   | Identified the +2 cloak "Ybe Vile" {Rampage Slay+3}
 19327 | Lair:5   | Reached skill level 10 in Fighting
 20119 | Orc:1    | Entered Level 1 of the Orcish Mines
 20519 | Orc:1    | Found a runed translucent gate.
 20520 | Orc:1    | Found a runed translucent gate.
 20521 | Orc:1    | Found a runed translucent gate.
 20574 | Orc:1    | Noticed DoubleLucky's ghost (journeyman TrFi)
 20575 | Orc:1    | Noticed michalxdhe's ghost (journeyman DjTm)
 20637 | Orc:2    | Entered Level 2 of the Orcish Mines
 20637 | Orc:2    | Found a staircase to the Elven Halls.
 21103 | Orc:2    | Noticed an orc warlord
 21135 | Orc:2    | Paralysed by an orc sorcerer for 3 turns
 21155 | Orc:2    | Killed an orc warlord
 21435 | Orc:2    | Found Bolufeakh's Antique Armour Emporium.
 21439 | Orc:2    | Found Vixaw's Antique Weapon Shoppe.
 21789 | Orc:2    | Found Kiag's Book Boutique.
 21920 | Orc:2    | Reached XP level 15. HP: 99/120 MP: 23/23
 22165 | Orc:2    | Found Irowail's Book Emporium.
 22350 | Orc:2    | Bought a book of the Moon for 600 gold pieces
 22350 | Orc:2    | Bought Vuipimen's Anthology of Virulent Companions for 720
                  | gold pieces
 22353 | Orc:2    | Learned a level 2 spell: Blink
 22357 | Orc:2    | Learned a level 3 spell: Call Canine Familiar
 22605 | Swamp:1  | Entered Level 1 of the Swamp
 22607 | Swamp:1  | Noticed a fenstrider witch
 22655 | Lair:2   | Killed a fenstrider witch
 22656 | Lair:2   | Reached skill level 1 in Translocations
 23779 | Swamp:2  | Found an ancient bone altar of Kikubaaqudgha.
 24935 | Swamp:3  | Reached skill level 5 in Translocations
 25051 | Swamp:3  | Reached XP level 16. HP: 130/130 MP: 25/25
 25382 | Swamp:3  | Noticed Kirke
 25389 | Swamp:3  | Killed Kirke
 25394 | Swamp:3  | Reached skill level 10 in Dodging
 25472 | Swamp:3  | Noticed a fenstrider witch
 25480 | Swamp:3  | Killed a fenstrider witch
 26086 | Swamp:4  | Entered Level 4 of the Swamp
 26203 | Swamp:4  | Noticed a thorn hunter
 26289 | Swamp:3  | Noticed a thorn hunter
 26299 | Swamp:3  | Killed a thorn hunter
 26386 | Swamp:4  | Noticed Donald
 26464 | Swamp:4  | Noticed a fenstrider witch
 26481 | Swamp:3  | Killed a fenstrider witch
 27155 | Snake:1  | Entered Level 1 of the Snake Pit
 27155 | Snake:1  | Noticed Roxanne
 27173 | Snake:1  | Killed from afar by Roxanne

Illustrated notes

Levels and vault maps discovered:
D:1:      heliophobic_arrival_glass_houses, layout_basic,
          shapermc_ecumenical_altar_mp_highgroup, serial_shops,
          nicolae_shop_bloodbath_and_beyond, chequers_hall_statues_corner_a,
          minmay_pentomino_x2
D:2:      layout_loops_cross, chequers_arboretum
D:3:      layout_loops_cross, minmay_misc_feat_room
D:4:      layout_basic, nicolae_qazlal_scattered_showers, lemuel_crystal_altar,
          ebering_ghost_reflecting_pool, kennysheep_generic_room_4
D:5:      minmay_bubble_buster, layout_loops_ring,
          grunt_dithmenos_smoke_and_mirrors, serial_shops,
          nicolae_shop_waterfront
D:6:      layout_loops_ring, serial_shops, shop, minmay_misc_feat_hallway,
          st_stairs_6, chequers_serial_rivers_room_a
D:7:      layout_basic, minmay_temple_entry_statues_fountains, nrook_campfire,
          chequers_serial_rivers_small_3, uniq_menkaure, uniq_pikel
D:8:      layout_basic, kennysheep_slug_shrine, tgw_trog,
          okawaru_altar_gauntlet_db, minmay_orc_keep
D:9:      layout_roguey, mainiacjoe_overflow_tiny_flanked,
          nicolae_sif_muna_little_library, nicolae_wu_jian_wuxing_cycle,
          nicolae_overflow_squiral, special_room [special_room_orc],
          serial_shops, nicolae_shop_window_shopping
D:10:     layout_rooms, nicolae_ru_sacrificial_ziggurat,
          mainiacjoe_overflow_concentric_impassable, general_overflow_altar,
          erik_lair_island, enter_trove_3, enter_bailey_7
D:11:     lemuel_slime, layout_basic, uniq_fannar
D:12:     layout_loops_ring, kennysheep_orc_monster_closet_entryway,
          serial_bayou_lake_a
D:13:     layout_stronghold, david_vaults_4, nicolae_shop_clearance,
          uniq_jorgrun, uniq_urug
Temple:   hellmonk_temple_of_storms
Lair:1:   layout_layer_cave, portal_ice_cave_rime
Lair:2:   layout_regular_city, nicolae_swamp_entry_splash_gauntlet,
          dummy_snake_entry, lemuel_centaur_altar, lemuel_fruit_tree
Lair:3:   layout_gridlike, uniq_snorg, uniq_gastronok
Lair:4:   dragon1_lemuel, layout_regular_city, nicolae_volcano_entry_two_sided,
          bobbens_ice_dragon_lair
Lair:5:   hangedman_lair_tendril_chambers, layout_cave_pods, slime_entry_2
Swamp:1:  layout_basic_swamp, evilmike_swamp_ruin_house_6
Swamp:2:  layout_basic_swamp, basic_altar
Swamp:3:  nzn_winding_woodlands_medium [nzn_winding_woodlands_5x5_cross,
          nzn_winding_woodlands_5x15_default,
          nzn_winding_woodlands_5x5_closed_star,
          nzn_winding_woodlands_5x5_checkerboard,
          nzn_winding_woodlands_center_triple_pond,
          nzn_winding_woodlands_hourglass, nzn_winding_woodlands_5x5_open_star,
          nzn_winding_woodlands_5x15_lazy_stream,
          nzn_winding_woodlands_5x5_three], layout_basic_swamp,
          serial_swamp_ruin, evilmike_swamp_ruin_rubble_2,
          evilmike_swamp_ruin_house_3, swamp_pool5, uniq_kirke
Swamp:4:  grunt_swamp_rune_castle, layout_basic_swamp, swamp_pool2, uniq_donald
Snake:1:  layout_layer_cave, uniq_roxanne, uniq_agnes, uniq_aizul
Orc:1:    layout_caves, gammafunk_ghost_cemetery
Orc:2:    grunt_orc_community_town_hall, layout_caves,
          grunt_orc_community_big_house_2, grunt_orc_community_big_house_2,
          grunt_orc_community_house_1, grunt_orc_community_house_3,
          grunt_orc_community_house_2, grunt_orc_community_house_3,
          grunt_orc_community_house_1, grunt_orc_community_house_2,
          guppyfry_library_mini

Skill      XL: |  1  2  3  4  5  6  7  8  9 10 11 12 13 14 15 16 |
---------------+-------------------------------------------------+-----
Stealth        | 1 2 5 6 |  6.7
Ranged Weapons | 5 6 8 9 11 14 16 17 18 | 18.8
Invocations    | 2 5 9 10 11 12 | 12.5
Fighting       | 4 8 11 13 | 13.7
Armour         | 2 5 7 |  7.9
Dodging        | 3 6 7 9 10 | 10.4
Translocations | 5 6 |  6.6

Action                   |  1- 3 |  4- 6 |  7- 9 | 10-12 | 13-15 | 16-18 || total
-------------------------+-------+-------+-------+-------+-------+-------++-------
 Fire: Shortbow          |    81 |    91 |   131 |       |       |       ||   303
       Arbalest          |       |       |   104 |   587 |   921 |   172 ||  1784
Invok: Bend Time         |       |       |       |     1 |     3 |     3 ||     7
       Slouch            |       |       |       |       |    10 |       ||    10
       Step From Time    |       |       |       |       |       |     2 ||     2
 Abil: Hop               |     1 |     2 |     9 |    16 |    15 |     3 ||    46
Evoke: Wand              |       |       |     6 |       |       |       ||     6
  Use: Scroll            |     4 |     4 |     8 |    11 |    10 |       ||    37
       Potion            |       |     2 |     2 |     1 |     3 |     2 ||    10
Armor: Leather armour    |     2 |     7 |       |       |       |       ||     9
       Ring mail         |     5 |     5 |    27 |    34 |       |       ||    71
       Chain mail        |       |     9 |       |       |       |       ||     9
       Acid dragon scale |       |       |       |    37 |    82 |    31 ||   150
Dodge: Dodged            |    15 |    24 |    72 |   108 |   245 |   107 ||   571
